 Dungeon Crawl Stone Soup version 0.13.0-19-g8e0b589 (webtiles) character file.

131 Econoterrorist the Sneak (level 3, 0/16 HPs)
             Began as a Spriggan Enchanter on Oct 25, 2013.
             Slain by an adder (3 damage)
             ... on Level 2 of the Dungeon.
             The game lasted 00:06:05 (1287 turns).

Econoterrorist the Sneak (Spriggan Enchanter)       Turns: 1287, Time: 00:06:05

HP   0/16        AC  3     Str  9      XL: 3   Next: 62%
MP   0/3         EV 18     Int 16      God:
Gold 78          SH  0     Dex 16      Spells:  2 memorised,  4 levels left

Res.Fire  : . . .   See Invis. : +   j - +2,+1 elf dagger (antimagic)
Res.Cold  : . . .   Warding    : .   b - +1 robe
Life Prot.: . . .   Conserve   : .   (shield restricted)
Res.Poison: .       Res.Corr.  : +   (helmet restricted)
Res.Elec. : .       Clarity    : .   (no cloak)
Sust.Abil.: . .     Spirit.Shd : .   (gloves unavailable)
Res.Mut.  : .       Stasis     : .   (boots unavailable)
Res.Rott. : .       Flight     : .   o - amulet of resist corrosion {unknown}
Saprovore : . . .                    (no ring)
                                     g - +4 ring of strength

@: very quick, slightly resistant to hostile enchantments, quite stealthy
A: unfitting armour, see invisible, herbivore 3, speed 3, slow metabolism 2
a: no special abilities


You were on level 2 of the Dungeon.
You were not hungry.

You visited 1 branch of the dungeon, and saw 2 of its levels.

You collected 58 gold pieces.

Inventory:

Hand weapons
 a - a +1,+1 dagger {=f}
 j - a +2,+1 elven anti-magic dagger (weapon)
Missiles
 d - 12 darts (quivered)
Armour
 b - a +1 robe (worn)
Comestibles
 n - 2 bread rations
Scrolls
 h - a scroll of enchant armour {unknown}
 k - a scroll of fear {unknown}
 m - 2 scrolls of identify {unknown}
Jewellery
 g - a +4 ring of strength (left hand)
 o - an amulet of resist corrosion (around neck) {unknown}
Potions
 e - a potion of porridge
 f - a potion of curing {unknown}
 i - 2 potions of heal wounds {unknown}
 l - a potion of agility {unknown}
Books
 c - a book of Maledictions

   Spells                             Type                      Level
   *Corona                            Hexes                        1
   Sure Blade                         Hexes/Charms                 2
   *Ensorcelled Hibernation           Hexes/Ice                    2
   Confuse                            Hexes                        3
   Enslavement                        Hexes                        4
   Invisibility                       Hexes                        6


   Skills:
 - Level 1.1 Short Blades
 - Level 1.1 Throwing
 - Level 3.0 Dodging
 - Level 5.3 Stealth
 + Level 2.8 Spellcasting
 - Level 3.6 Hexes


You had 4 spell levels left.
You knew the following spells:

 Your Spells              Type           Power        Failure   Level  Hunger
a - Corona                Hex            ##.....      6%          1    #......
b - Ensorcelled Hibernat  Hex/Ice        #.....       14%         2    ##.....


Dungeon Overview and Level Annotations

Branches:
Dungeon (2/27)

Altars:
Zin


Innate Abilities, Weirdness & Mutations

You are tiny and cannot use many weapons and most armour.
You have supernaturally acute eyesight.
You are a herbivore.
You cover ground extremely quickly.
You need consume almost no food.


Message History

You hit the adder.
The adder is almost dead.
The adder barely misses you.
You hit the adder but do no damage.
The adder is almost dead.
The adder barely misses you.
You closely miss the adder.
The adder is almost dead.
The adder bites you. The adder closely misses you.
You hit the adder but do no damage.
The adder is almost dead.
The adder bites you.
* * * LOW HITPOINT WARNING * * *
You barely miss the adder.
The adder is almost dead.
The adder completely misses you.
You closely miss the adder.
The adder is almost dead.
The adder bites you.
You die...

.###..# ....#.# .#.##.#
.#)...# .###..# ########
.###..# ### #####......#
......###.####.....##...##
####.###.#.##...####8...8#
........###..###@..##...##
###.###..#..#..S#..##...#
#.###...#.#...#.###...##
#.#.......#...#.##8...⌠#
#.#.#..###.###...##...##
#.#.#..####...#.###...#
###......##..(.....##...##
..###.#..##.########8...8#
#.###.#..##......####...###


You could see an adder.

Vanquished Creatures
  3 adders (D:2)
  A giant mite (D:2)
  A worm (D:2)
  2 hobgoblins
  3 kobolds
  A bat (D:1)
  2 giant cockroaches
  2 goblins (D:1)
  2 rats (D:2)
17 creatures vanquished.

Notes
Turn   | Place    | Note
--------------------------------------------------------------
     0 | D:1      | Econoterrorist, the Spriggan Enchanter, began the quest for the Orb.
     0 | D:1      | Reached XP level 1. HP: 9/9 MP: 4/4
   569 | D:1      | Reached skill level 4 in Stealth
   687 | D:2      | Reached XP level 2. HP: 13/13 MP: 2/6
   691 | D:2      | Learned a level 2 spell: Ensorcelled Hibernation
   828 | D:2      | Reached skill level 5 in Stealth
   889 | D:2      | Found a glowing silver altar of Zin.
   938 | D:2      | Reached XP level 3. HP: 16/16 MP: 3/9
  1287 | D:2      | Slain by an adder

Action                   || total
-------------------------++-------
Melee: Dagger            ||    87
 Cast: Ensorcelled Hiber ||     7
 Stab: Sleeping          ||     6
